 Dungeon Crawl Stone Soup version 0.24-a0-36-gf1fd2d0 (webtiles) character file.

Game seed: 11575738555238039930

195 Ishingly the Skirmisher (level 5, -3/48 HPs)
             Began as a Hill Orc Fighter on Feb 2, 2019.
             Slain by a gnoll
             ... wielding a +0 spear
              (5 damage)
             ... on level 3 of the Dungeon.
             The game lasted 00:10:34 (1868 turns).

Ishingly the Skirmisher (Hill Orc Fighter)          Turns: 1868, Time: 00:10:35

Health: -3/48      AC:  9    Str: 25    XL:     5   Next: 74%
Magic:  5/5        EV:  7    Int:  8    God:
Gold:   131        SH:  9    Dex: 10    Spells: 4/4 levels left

rFire    . . .     SeeInvis .   k - +0 war axe
rCold    . . .     Gourm    .   c - +0 shield
rNeg     . . .     Faith    .   n - +0 scale mail (curse)
rPois    .         Spirit   .   (no helmet)
rElec    .         Reflect  .   j - +0 cloak
rCorr    .         Harm     .   r - +0 pair of gloves
MR       +....                  (no boots)
Stlth    ..........             (no amulet)
HPRegen  0.16/turn              l - ring of protection from magic
MPRegen  0.09/turn              (no ring)

@: mighty
A: no striking features
a: no special abilities


You were on level 3 of the Dungeon.
You were hungry.

You visited 1 branch of the dungeon, and saw 3 of its levels.

You collected 131 gold pieces.

Inventory:

Hand Weapons
 k - a +0 war axe (weapon)
Armour
 c - a +0 shield (worn)
 j - a +0 cloak (worn)
 n - a cursed +0 scale mail (worn)
 r - a +0 pair of gloves (worn)
Jewellery
 l - a ring of protection from magic (left hand)
Scrolls
 a - a scroll of noise {unknown}
 b - a scroll of immolation {unknown}
 h - a scroll of remove curse {unknown}
 i - a scroll of identify
 o - a scroll of magic mapping {unknown}
 p - a scroll of teleportation
Potions
 e - a potion of flight {unknown}
 g - 3 potions of curing
 m - 2 potions of invisibility {unknown}
Comestibles
 f - 2 rations
 q - 4 chunks of flesh


   Skills:
 + Level 5.2 Fighting
 + Level 4.9 Axes
 + Level 4.7 Armour
 - Level 3.2 Shields


You had 4 spell levels left.
You didn't know any spells.
Your spell library was empty.

Dungeon Overview and Level Annotations

Branches:
Dungeon (3/15)

Altars:
Elyvilon


Message History

You kill the giant cockroach!
The gnoll barely misses you.
The gnoll hits you from afar with a +0 spear.
* * * LOW HITPOINT WARNING * * *
You slice the gnoll!!
You kill the gnoll!
The gnoll barely misses you.
A giant cockroach comes into view.
The gnoll closely misses you.
Things that are here:
a +0 flail; a throwing net You barely miss the gnoll.
The gnoll hits you with a +0 spear.
* * * LOW HITPOINT WARNING * * *
You block the gnoll's attack.
You closely miss the gnoll. The gnoll hits you with a +0 spear.
* * * LOW HITPOINT WARNING * * *
You slash the gnoll!
The gnoll is severely wounded.
The gnoll hits you with a +0 spear.
You die...

#......# ... #......#
.... #......# .....
#......# #### .....
#......###... .....#####
#.......#.... .......#
#...........( #.g..#
#..........>.
####..@†#######........
#.....)....# #.......)
##..s†.....# #.......)
##........## #........
..$..#...#...# ##.......
...#####..##.#####......
...#.............#......
.. #......####.#........
##....................


You could see a gnoll and a giant cockroach.

Vanquished Creatures
  An orc priest (D:3)
  An orc wizard (D:3)
  4 gnolls
  An adder (D:2)
  An ooze (D:1)
  2 worms
  2 leopard geckos
  5 orcs (D:3)
  3 giant cockroaches (D:3)
  4 hobgoblins
  11 jackals
  3 quokkas
  3 ball pythons
  6 bats
  4 frilled lizards
  8 goblins
  8 kobolds
  7 rats
74 creatures vanquished.

Notes
Turn   | Place    | Note
-------+----------+-------------------------------------------
     0 | D:1      | Ishingly the Hill Orc Fighter began the quest for the Orb.
     0 | D:1      | Reached XP level 1. HP: 19/19 MP: 1/1
    69 | D:1      | Reached XP level 2. HP: 27/27 MP: 2/2
   237 | D:1      | Reached skill level 4 in Fighting
   357 | D:1      | HP: 1/27 [gnoll/+0 spear (4)]
   358 | D:1      | Reached XP level 3. HP: 1/33 MP: 3/3
  1039 | D:2      | Found a white marble altar of Elyvilon.
  1170 | D:2      | Reached XP level 4. HP: 41/41 MP: 4/4
  1749 | D:3      | Reached XP level 5. HP: 39/47 MP: 5/5
  1777 | D:3      | Reached skill level 5 in Fighting
  1867 | D:3      | HP: 2/48 [gnoll/+0 spear (1)]
  1868 | D:3      | Slain by a gnoll

Vault maps used:
D:1:      dpeg_arrival_shrine
D:2:      nicolae_overflow_crystal_walls
D:3:      minmay_roachtagon, first_ration, minivault_23

Skill      XL: |  1  2  3  4  5 |
---------------+----------------+-----
Axes           | 3 4 |  4.9
Fighting       | 4 5 |  5.2
Armour         | 4 |  4.7
Shields        | |  3.2

Action                   |  1- 3 |  4- 6 || total
-------------------------+-------+-------++-------
Melee: War axe           |    87 |   118 ||   205
  Use: Scroll            |       |     2 ||     2
       Potion            |       |     1 ||     1
  Eat: Chunk             |     1 |     2 ||     3
Armor: Scale mail        |    35 |    87 ||   122
Dodge: Dodged            |    30 |    52 ||    82
Block: Shield            |    46 |    95 ||   141

Table legend:
 A = Non-vault XP
 B = Vault XP
 C = Vault XP percentage of total XP
 D = Non-vault monster count
 E = Vault monster count
 F = Vault count percentage of total count
                 A         B        C        D         E       F
            +---------+---------+-------+---------+---------+-------
      Total |     275 |       4 |   1.4 |      72 |       2 |   2.7
            +---------+---------+-------+---------+---------+-------
        D:1 |      56 |       0 |   0.0 |      25 |       0 |   0.0
        D:2 |      51 |       0 |   0.0 |      21 |       0 |   0.0
        D:3 |     168 |       4 |   2.3 |      26 |       2 |   7.1
            +---------+---------+-------+---------+---------+-------
